 Dungeon Crawl Stone Soup version 0.23.2-1-ga50397a (webtiles) character file.

Game seed: 9482138791928865158

901 night the Ruffian (level 8, -9/43 HPs)
             Began as a Gargoyle Transmuter on May 2, 2019.
             Was an Initiate of Dithmenos.
             Mangled by an ogre
             ... wielding a +0 giant club
              (17 damage)
             ... on level 6 of the Dungeon.
             The game lasted 00:21:35 (6271 turns).

night the Ruffian (Gargoyle Transmuter)             Turns: 6271, Time: 00:21:37

Health: -9/43      AC: 10    Str: 16    XL:     8   Next: 7%
Magic:  3/11       EV: 14    Int: 14    God:    Dithmenos [......]
Gold:   157        SH:  0    Dex: 10    Spells: 3/11 levels left

rFire    . . .     SeeInvis .     - Unarmed
rCold    + . .     Gourm    .   (no shield)
rNeg     + . .     Faith    .   m - +1 leather armour {rC+}
rPois    ∞         Spirit   .   (no helmet)
rElec    +         Reflect  .   q - +0 cloak
rCorr    .         Harm     .   (no gloves)
MR       .....                  (no boots)
Stlth    +.........             (no amulet)
HPRegen  0.14/turn              n - +3 ring of evasion
MPRegen  0.12/turn              (no ring)

@: very slightly contaminated
A: negative energy resistance 1, electricity resistance, unbreathing,
petrification resistance, rot immunity, AC +5
a: Renounce Religion


You were on level 6 of the Dungeon.
You worshipped Dithmenos.
Dithmenos was noncommittal.
You were hungry.

You visited 2 branches of the dungeon, and saw 7 of its levels.

You collected 157 gold pieces.

Inventory:

Hand Weapons
 j - a +1 hunting sling
Missiles
 a - 75 arrows
 g - 186 stones (quivered)
 k - 9 tomahawks
 o - 26 sling bullets
 r - 44 bolts
Armour
 b - a +0 robe
 e - a +0 plate armour
 f - a +0 large shield
 m - a +1 leather armour of cold resistance (worn)
 q - a +0 cloak (worn)
Jewellery
 n - a +3 ring of evasion (left hand)
Scrolls
 p - 2 scrolls of identify
Potions
 h - 2 potions of lignification
 l - a potion of cancellation
Comestibles
 d - 12 rations


   Skills:
 - Level 1.1 Fighting
 - Level 1.5 Dodging
 + Level 7.0 Unarmed Combat
 - Level 2.0 Spellcasting
 + Level 5.4 Transmutations


You had 3 spell levels left.
You knew the following spells:

 Your Spells              Type           Power        Failure   Level  Hunger
a - Beastly Appendage     Tmut           ###...       3%          1    ##.....
b - Sticks to Snakes      Tmut           ###.....     4%          2    ###....
c - Blade Hands           Tmut           ###.......   65%         5    ######.

Your spell library contained the following spells:

 Spells                   Type           Power        Failure   Level  Hunger
 Spider Form              Tmut/Pois      #.........   28%         3    ####...
 Ice Form                 Ice/Tmut       #.......     67%         4    #####..


Dungeon Overview and Level Annotations

Branches:
Dungeon (6/15)             Temple (1/1) D:6

Altars:
Cheibriados
Dithmenos
Elyvilon
Fedhas
Gozag
Hepliaklqana
Kikubaaqudgha
Nemelex Xobeh
Okawaru
Qazlal
Sif Muna
Uskayaw
Vehumet
Wu Jian
Xom
Yredelemnul
Zin
The Shining One

Shops:
D:4 =

Annotations:
D:5 Eustachio


Innate Abilities, Weirdness & Mutations

You are resistant to torment.
Your stone body is resilient. (AC +5)
You are immune to poison.
You resist negative energy. (rN+)
You are resistant to electric shocks. (rElec)
You can survive without breathing.
You are immune to petrification.
You are immune to rotting.


Message History

You barely miss the ogre. The ogre barely misses you.
You punch the ogre!
The ogre is moderately wounded.
The ogre hits you with a +0 giant club!!
Ouch! That really hurt!
The crimson imp blinks!
You hit the ogre.
The ogre is moderately wounded.
You punch the ogre!
The ogre is severely wounded.
The ogre hits you with a +0 giant club!
* * * LOW HITPOINT WARNING * * *
Okay, then.
The crimson imp blinks!
The crimson imp closely misses you.
A jelly comes into view.
There is a staircase to the Ecumenical Temple here.
The jelly quivers.
The crimson imp blinks!
The ogre hits you with a +0 giant club!
You die...

....#####. ###.
#......... <.. #..5....
..... .###.###.......
....
.........#..####...#
#...............#
#....#.#......#
######...#.#.#.....#
........#@#.#.#....####
######.(.#O>.#O.......#
## ##.#.#§#.#.......##.
#.J#.#.#....###.#.
##...#.#......##..#
#.................#
#.##..)?.5..####..## #.
#.#.###.......#.## #
#.#.# #.......#...


You could see an ogre and a crimson imp.

Vanquished Creatures
  An ice beast (D:6)
  An ogre (D:6)
  Blork the orc (D:4)
  A gnoll sergeant (D:4)
  A scorpion (D:4)
  3 howler monkeys
  An orc wizard (D:3)
  Crazy Yiuf (D:3)
  An orc priest (D:3)
  A bullfrog skeleton (D:6)
  3 worker ants
  10 adders
  5 gnolls (D:4)
  An adder zombie (D:5)
  4 worms
  A leopard gecko (D:1)
  9 orcs
  13 bats
  3 giant cockroaches
  5 goblins
  4 hobgoblins
  18 jackals
  3 quokkas
  5 frilled lizards
  6 kobolds
  A quokka skeleton (D:4)
  7 rats
110 creatures vanquished.

Notes
Turn   | Place    | Note
-------+----------+-------------------------------------------
     0 | D:1      | night the Gargoyle Transmuter began the quest for the Orb.
     0 | D:1      | Reached XP level 1. HP: 12/12 MP: 3/3
   192 | D:1      | Reached XP level 2. HP: 16/16 MP: 5/5
   232 | D:1      | Learned a level 2 spell: Sticks to Snakes
  1011 | D:1      | Reached XP level 3. HP: 20/20 MP: 6/6
  1281 | D:2      | Reached skill level 4 in Unarmed Combat
  1281 | D:2      | Reached XP level 4. HP: 13/25 MP: 7/7
  2382 | D:3      | Reached XP level 5. HP: 25/29 MP: 8/8
  2921 | D:3      | Found a runed translucent door.
  2922 | D:3      | Noticed Crazy Yiuf
  3349 | D:3      | Reached skill level 5 in Unarmed Combat
  3605 | D:3      | Killed Crazy Yiuf
  3605 | D:3      | Reached XP level 6. HP: 34/34 MP: 9/9
  3706 | D:4      | Learned a level 5 spell: Blade Hands
  3863 | D:4      | Found a stormy altar of Qazlal.
  4182 | D:4      | Found Veckepi's Jewellery Boutique.
  4634 | D:4      | Found a shattered altar of Ashenzari.
  4686 | D:4      | Noticed Blork the orc
  4690 | D:4      | Killed Blork the orc
  4690 | D:4      | Reached XP level 7. HP: 22/38 MP: 10/10
  5304 | D:4      | Found a deep blue altar of Sif Muna.
  5304 | D:4      | Found a glowing silver altar of Zin.
  5308 | D:4      | Found a shimmering altar of Xom.
  5308 | D:4      | Found a sparkling altar of Nemelex Xobeh.
  5308 | D:4      | Found a sacrificial altar of Ru.
  5310 | D:4      | Reached skill level 6 in Unarmed Combat
  5374 | D:4      | Found a deep blue altar of Sif Muna.
  5374 | D:4      | Found an ornate altar of the Wu Jian Council.
  5374 | D:4      | Found a blossoming altar of Fedhas.
  5374 | D:4      | Found a snail-covered altar of Cheibriados.
  5527 | D:4      | Found an iron altar of Okawaru.
  5531 | D:4      | Found a glowing silver altar of Zin.
  5725 | D:5      | Entered Level 5 of the Dungeon
  5786 | D:5      | Noticed Eustachio
  6025 | D:6      | Reached skill level 5 in Transmutations
  6028 | D:6      | Found a staircase to the Ecumenical Temple.
  6047 | D:6      | Reached XP level 8. HP: 43/43 MP: 5/11
  6057 | Temple   | Entered the Ecumenical Temple
  6210 | Temple   | Became a worshipper of Dithmenos the Shadowed
  6244 | D:6      | Reached skill level 7 in Unarmed Combat
  6271 | D:6      | Mangled by an ogre

Skill      XL: |  1  2  3  4  5  6  7  8 |
---------------+-------------------------+-----
Transmutations | 2 3 4 5 |  5.4
Unarmed Combat | 4 5 6 7 |  7.0
Fighting       | |  1.1
Dodging        | |  1.5
Spellcasting   | |  2.0

Action                   |  1- 3 |  4- 6 |  7- 9 || total
-------------------------+-------+-------+-------++-------
Melee: Unarmed           |   156 |   319 |   112 ||   587
       Punch             |     1 |     1 |     3 ||     5
       Kick              |       |     2 |     1 ||     3
Throw: Tomahawk          |       |       |     1 ||     1
 Cast: Beastly Appendage |       |     1 |     3 ||     4
       Blade Hands       |       |       |     1 ||     1
Evoke: Wand              |       |     2 |     4 ||     6
  Use: Potion            |       |     3 |     1 ||     4
       Scroll            |       |       |     8 ||     8
  Eat: Chunk             |     1 |    12 |     5 ||    18
Armor: Plate armour      |   103 |     3 |       ||   106
       Skin              |     3 |       |       ||     3
       Leather armour    |       |   115 |    37 ||   152
Dodge: Dodged            |    39 |    87 |    67 ||   193
Block: Large shield      |       |   152 |       ||   152
